 Dungeon Crawl Stone Soup version 0.19.1 (webtiles) character file.

417 ChaseSP the Shield-Bearer (level 7, -2/52 HPs)
             Began as a Formicid Fighter on Dec 3, 2016.
             Engulfed by a cloud of flame (17 damage)
             ... on level 3 of the Dungeon.
             The game lasted 00:04:04 (2406 turns).

ChaseSP the Shield-Bearer (Formicid Fighter)        Turns: 2406, Time: 00:04:04

Health: -2/52      AC:  6    Str: 22    XL:     7   Next: 15%
Magic:  7/7        EV:  8    Int:  7    God:
Gold:   149        SH: 10    Dex: 11    Spells: 0 memorised, 6 levels left

rFire  . . .     SeeInvis +     a - +0 war axe
rCold  . . .     Gourm    .     b - +0 scale mail
rNeg   + . .     Faith    .     c - +0 shield
rPois  .         Spirit   .     (helmet unavailable)
rElec  .         Reflect  .     (no cloak)
rCorr  .         Harm     .     (no gloves)
MR     .....                    (no boots)
Stlth  +.........               (no amulet)
                                o - ring of positive energy
                                e - ring of stealth

@: no status effects
A: permanent stasis, dig shafts and tunnels, four strong arms, antennae 3
a: Dig, Shaft Self


You were on level 3 of the Dungeon.
You were not hungry.

You visited 1 branch of the dungeon, and saw 3 of its levels.

You collected 149 gold pieces.

Inventory:

Hand Weapons
 a - a +0 war axe (weapon)
Missiles
 u - 17 bolts
Armour
 b - a +0 scale mail (worn)
 c - a +0 shield (worn)
Jewellery
 e - a ring of stealth (left hand)
 o - a ring of positive energy (right hand)
 v - an uncursed ring of see invisible {unknown}
 y - an uncursed ring of protection from magic {unknown}
Wands
 n - a wand of acid (7/15)
Scrolls
 g - a scroll of enchant weapon {unknown}
 h - 3 scrolls of identify
 i - a scroll of recharging {unknown}
 j - a scroll of teleportation {unknown}
 l - a scroll of blinking {unknown}
 p - a scroll of random uselessness {unknown}
 r - a scroll of remove curse {unknown}
 s - a scroll of amnesia {unknown}
 t - a scroll of noise {unknown}
Potions
 d - 3 potions of might
 m - 2 potions of degeneration
 q - a potion of resistance {unknown}
 w - a potion of berserk rage {unknown}
 x - a potion of lignification {unknown}
 z - a potion of invisibility {unknown}
 A - a potion of curing {unknown}
Comestibles
 f - 4 bread rations
 k - 2 meat rations
 B - a slice of pizza


   Skills:
 - Level 3.2 Fighting
 * Level 5.9 Axes
 - Level 3.2 Armour
 + Level 6.0 Shields


You had 6 spell levels left.
You didn't know any spells.

Dungeon Overview and Level Annotations

Branches:
Dungeon (3/15)

Altars:
Vehumet
Xom


Innate Abilities, Weirdness & Mutations

You are under a permanent stasis effect.
You can dig through walls and to a lower floor.
Your four strong arms can wield two-handed weapons with a shield.
You have a pair of large antennae on your head. (SInv)


Message History

Found a slice of pizza.
Really walk into a travel-excluded area?
Okay, then.
Unknown command.
Unknown command.
Press: ? - help, v - describe, . - travel, g - get item A slice of pizza.
The floor.
There is a cloud of flame here.
Really walk into a travel-excluded area?
Uppercase [Y]es or [N]o only, please.
Really walk into a travel-excluded area?
Really walk into that cloud of flame?
You are engulfed in roaring flames.
You see here a slice of pizza.
B - a slice of pizza You are engulfed in roaring flames.
* * * LOW HITPOINT WARNING * * *
You are engulfed in roaring flames.
You die...

........# #....#.##..........
######..#######....#..#.#.#######
######..#.....#....##.#.#.#
..............######...####
..............# #§§.#
..............# #§§§#
######..#.....# #§§§#
#.[############...#####
######...)......@§§...$. §§.##
.........#####..§§§.$$$. ...#
...####### ##.§§§.$... ..#
)..)..<#############...# #.#
.............# #§§§# #.#
.............# #§§§# #.#
.............### #§§§# #.#
###............# #...#####.# #
#....^.....### #.##.....#


There were no monsters in sight!

Vanquished Creatures
  Grinder (D:3)
  The ghost of Daunt the Conjurer, an amateur DrCj of Sif Muna (D:3)
  Robin (D:3)
  A gnoll (D:1)
  3 adders
  3 worms (D:2)
  A dart slug (D:3)
  A leopard gecko (D:3)
  4 bats
  8 giant cockroaches
  11 hobgoblins
  5 jackals
  3 kobolds
  3 quokkas (D:3)
  2 ball pythons
  5 frilled lizards
  17 goblins
  A rat (D:3)
71 creatures vanquished.

Vanquished Creatures (others)
  A bat (D:3)
1 creature vanquished.

Grand Total: 72 creatures vanquished

Notes
Turn   | Place    | Note
-------+----------+-------------------------------------------
     0 | D:1      | ChaseSP the Formicid Fighter began the quest for the Orb.
     0 | D:1      | Reached XP level 1. HP: 18/18 MP: 1/1
    98 | D:1      | Reached XP level 2. HP: 20/24 MP: 2/2
   306 | D:1      | Reached skill level 4 in Shields
   306 | D:1      | Reached XP level 3. HP: 27/29 MP: 3/3
   752 | D:2      | Found a radiant altar of Vehumet.
   915 | D:2      | Reached XP level 4. HP: 33/35 MP: 4/4
  1007 | D:2      | Found a shimmering altar of Xom.
  1104 | D:3      | Noticed Robin
  1160 | D:3      | Killed Robin
  1310 | D:3      | Reached XP level 5. HP: 38/41 MP: 5/5
  1351 | D:3      | Noticed Daunt's ghost (amateur DrCj)
  1365 | D:3      | Killed Daunt's ghost
  1365 | D:3      | Reached skill level 5 in Shields
  1365 | D:3      | Reached XP level 6. HP: 17/47 MP: 6/6
  1641 | D:3      | Found a faded altar of an unknown god.
  1656 | D:3      | Reached skill level 5 in Axes
  1940 | D:3      | Noticed Grinder
  1976 | D:3      | Killed Grinder
  1976 | D:3      | Reached XP level 7. HP: 23/52 MP: 7/7
  2345 | D:3      | Reached skill level 6 in Shields
  2406 | D:3      | Engulfed by a cloud of flame

Skill      XL: |  1  2  3  4  5  6  7 |
---------------+----------------------+-----
Axes           | 3 4 5 |  5.9
Shields        | 4 5 6 |  6.0
Fighting       | |  3.2
Armour         | |  3.2

Action                   |  1- 3 |  4- 6 |  7- 9 || total
-------------------------+-------+-------+-------++-------
Melee: War axe           |    78 |   135 |    13 ||   226
 Abil: Dig               |       |     1 |       ||     1
  Use: Scroll            |       |     1 |       ||     1
  Eat: Chunk             |       |     4 |     1 ||     5
Armor: Scale mail        |    25 |    46 |     3 ||    74
Dodge: Dodged            |    19 |    46 |     1 ||    66
Block: Shield            |    46 |    64 |     8 ||   118
